 Dungeon Crawl Stone Soup version 0.27-a0-67-g4bfc8a49e1 (webtiles) character file.

Game seed: 15150600336150919523

52 Borgoz the Shield-Bearer (level 4, 0/31 HPs)
             Began as a Halfling Fighter on Jan 9, 2021.
             Slain by a water moccasin (3 damage)
             ... on level 3 of the Dungeon.
             The game lasted 00:01:41 (1702 turns).

Borgoz the Shield-Bearer (Halfling Fighter)         Turns: 1702, Time: 00:01:42

Health: 0/31       AC:  8    Str: 17    XL:     4   Next: 8%
Magic:  4/4        EV:  8    Int:  6    God:
Gold:   77         SH:  9    Dex: 14    Spells: 3/3 levels left

rFire    + . .     SeeInvis .   a - +1 long sword
rCold    + . .     Faith    .   c - +0 kite shield
rNeg     . . .     Spirit   .   b - +0 scale mail
rPois    +         Reflect  .   p - +0 helmet
rElec    +         Harm     .   (no cloak)
rCorr    +         Rampage  .   (no gloves)
Will     .....                  (no boots)
Stlth    ..........             (no amulet)
HPRegen  0.10/turn              (no ring)
MPRegen  0.09/turn              (no ring)

@: mighty, lethally poisoned (0 -> -10), resistant
A: small, mutation resistance 1
a: no special abilities


You were on level 3 of the Dungeon.
You visited 1 branch of the dungeon, and saw 3 of its levels.

You collected 77 gold pieces.

Inventory:

Hand Weapons
 a - a +1 long sword (weapon)
Armour
 b - a +0 scale mail (worn)
 c - a +0 kite shield (worn)
 p - a +0 helmet (worn)
Jewellery
 k - an uncursed amulet of faith
Scrolls
 f - a scroll of fear {unknown}
 h - a scroll of identify {unknown}
 i - 2 scrolls of teleportation
 l - 3 scrolls of remove curse {unknown}
 m - 2 scrolls of enchant weapon
 n - 2 scrolls of fog {unknown}
 r - a scroll of noise {unknown}
 s - 2 scrolls of blinking {unknown}
Potions
 e - a potion of heal wounds {unknown}
 g - a potion of magic {unknown}
 j - 2 potions of curing {unknown}
 o - a potion of flight {unknown}
 t - a potion of mutation {unknown}


   Skills:
 + Level 3.1 Fighting
 * Level 2.9 Long Blades
 + Level 3.6 Armour
 + Level 3.7 Shields


You had 3 spell levels left.
You didn't know any spells.
Your spell library was empty.

Dungeon Overview and Level Annotations

Branches:
Dungeon (3/15)

Altars:

Annotations:
D:3 1 transporter


Innate Abilities, Weirdness & Mutations

You are small and have problems with some larger weapons.
You are somewhat resistant to further mutation.


Message History

The water moccasin is moderately wounded.
You feel sick. The water moccasin bites you.
* * * LOW HITPOINT WARNING * * *
You block the water moccasin's attack.
You completely miss the water moccasin.
The water moccasin is lightly wounded.
* * * LOW HITPOINT WARNING * * *
You feel sick. You block the water moccasin's attack.
The water moccasin bites you but does no damage.
You feel very mighty all of a sudden.
* * * LOW HITPOINT WARNING * * *
You feel sick.
The water moccasin bites you but does no damage.
It was a potion of resistance.
You feel protected.
* * * LOW HITPOINT WARNING * * *
You feel sick. The water moccasin bites you.
* * * LOW HITPOINT WARNING * * *
The water moccasin bites you.
You die...

#[.....
.......
..w...©
..#####
..#8P$©
..#≈..[
###S.####+
##.@..#5≈..
#.<...#5≈..
#).....#.≈≈≈
#..$...#.≈P♣
#.>....#.≈≈P
##.....#.≈..
......#.≈..
#...$..####+
#......#P..


You could see a water moccasin, a worm and 2 shadow imps.

Vanquished Creatures
  An adder (D:2)
  2 worms (D:2)
  2 leopard geckos (D:1)
  6 goblins
  8 hobgoblins
  A quokka (D:2)
  3 bats
  5 frilled lizards
  4 kobolds
  3 rats
35 creatures vanquished.

Notes
Turn   | Place    | Note
-------+----------+-------------------------------------------
     0 | D:1      | Borgoz the Halfling Fighter began the quest for the Orb.
     0 | D:1      | Reached XP level 1. HP: 15/15 MP: 1/1
   211 | D:1      | Reached XP level 2. HP: 20/20 MP: 2/2
   884 | D:2      | Reached XP level 3. HP: 25/25 MP: 3/3
  1441 | D:2      | Reached XP level 4. HP: 31/31 MP: 4/4
  1688 | D:3      | Noticed a water moccasin
  1694 | D:3      | Found a transporter.
  1702 | D:3      | Slain by a water moccasin

Illustrated notes

Levels and vault maps discovered:
D:1:      minmay_arrival_arboretum_small, layout_loops_ring,
          kennysheep_nondescript
D:2:      layout_loops_cross
D:3:      gammafunk_wand_slinger, layout_rooms, lemuel_old_faithful, uniq_ijyb,
          uniq_terence

Skill      XL: |  1  2  3 |
---------------+----------+-----
Fighting       | 3 |  3.1
Long Blades    | |  2.9
Armour         | |  3.6
Shields        | |  3.7

Action                   |  1- 3 |  4- 6 || total
-------------------------+-------+-------++-------
Melee: Long sword        |   113 |    13 ||   126
  Use: Scroll            |     2 |       ||     2
       Potion            |       |     2 ||     2
Armor: Scale mail        |    46 |     6 ||    52
Dodge: Dodged            |    39 |     1 ||    40
Block: Kite shield       |    60 |     8 ||    68
       Rpst.: Long sword |    12 |       ||    12

Table legend: (Time is in decaauts)
 A = Elapsed time spent in this place.
 B = Non-inter-level travel time spent in this place.
 C = Inter-level travel time spent in this place.
 D = Time resting spent in this place.
 E = Time spent auto-exploring this place.
 F = Levels seen in this place.
 G = Mean time per level.
                   A        B        C        D        E       F      G
               +--------+--------+--------+--------+--------+-----+--------+
         Total |   1746 |   1717 |     29 |      0 |   1393 |   3 |  582.0 |
       Dungeon |   1746 |   1717 |     29 |      0 |   1393 |   3 |  582.0 |
               +--------+--------+--------+--------+--------+-----+--------+

Top non-repeatable levels by time:
     D:1: 874 daAuts
     D:2: 852 daAuts
     D:3: 19 daAuts
